 Dungeon Crawl Stone Soup version 0.32-a0-928-g1cae6b7ea0 (webtiles) character file.

Game seed: 7422358553415689423

119 horus123 the Cudgeller (level 4, -6/36 HPs)
             Began as a Mountain Dwarf Warper on Apr 13, 2024.
             Mangled by a gnoll
             ... wielding a +0 flail
              (10 damage)
             ... on level 4 of the Dungeon.
             The game lasted 00:05:09 (2908 turns).

horus123 the Cudgeller (Mountain Dwarf Warper)      Turns: 2908, Time: 00:05:10

Health: -6/36      AC:  4    Str: 13    XL:     4   Next: 73%
Magic:  8/8        EV: 10    Int: 16    God:
Gold:   91         SH:  0    Dex: 15    Spells: 5/9 levels left

rFire   . . .        n - +0 morningstar
rCold   . . .        (no shield)
rNeg    . . .        b - +0 leather armour
rPois   .            (no helmet)
rElec   .            (no cloak)
rCorr   .            (no gloves)
SInv    .            o - +0 pair of boots
Will    .....        (no amulet)
Stlth   +            m - +6 ring of dexterity
HPRegen 0.26/turn    (no ring)
MPRegen 0.11/turn

%: no passive effects
@: no status effects
A: runic magic, artefact enchanting
a: no special abilities


You were on level 4 of the Dungeon.
You visited 1 branch of the dungeon, and saw 4 of its levels.

You collected 91 gold pieces.

Inventory:

Hand Weapons
 n - a +0 morningstar (weapon)
Missiles
 d - 5 darts of dispersal
 f - 3 poisoned darts (quivered)
Armour
 b - a +0 leather armour (worn)
 o - a +0 pair of boots (worn)
Jewellery
 a - an amulet of guardian spirit
 m - a +6 ring of dexterity (left hand)
Wands
 k - a wand of paralysis (4)
Scrolls
 c - a scroll of blinking
 g - 4 scrolls of identify {unknown}
 j - a scroll of revelation {unknown}
 p - a scroll of fear {unknown}
Potions
 e - a potion of enlightenment {unknown}
 h - 3 potions of curing {unknown}
 i - a potion of heal wounds {unknown}
 l - 2 potions of mutation {unknown}


   Skills:
 - Level 2.1 Fighting
 - Level 4.0 Maces & Flails
 - Level 0.7 Throwing
 - Level 1.1 Armour
 - Level 1.3 Dodging
 - Level 3.0 Spellcasting
 + Level 3.0 Translocations


You had 5 spell levels left.
You knew the following spells:

 Your Spells              Type           Power      Damage    Failure   Level
a - Blink                 Tloc           24%        N/A       9%          2
b - Lesser Beckoning      Tloc           24%        N/A       9%          2

Your spell library contained the following spells:

 Spells                   Type           Power      Damage    Failure   Level
 Maxwell's Portable Pile  Tloc           12%        2d(6-17)  16%         3
 Teleport Other           Tloc           12%        N/A       16%         3
 Inner Flame              Hex/Fire       2%         N/A       50%         3
 Vhi's Electric Charge    Tloc/Air       14%        N/A       71%         4
 Summon Forest            Summ/Tloc      3%         N/A       96%         5
 Irradiate                Conj/Alch      1%         3d12      99%         5
 Gell's Gavotte           Tloc           6%         2d(14-20) 100%        6
 Manifold Assault         Tloc           6%         N/A       100%        7
 Ignition                 Fire           1%         3d3       100%        8


Dungeon Overview and Level Annotations

Branches:
Dungeon (4/15)
 Temple: D:4-7

Altars:

Shops:
D:1 !

Annotations:
D:3 1 runed translucent door, Crazy Yiuf


Innate Abilities, Weirdness & Mutations

Your spellcasting is much less encumbered by armour.
You can use scrolls of enchantment on lesser artefacts.


Message History

The gnoll is severely wounded.
The gnoll hits you from afar with a +0 spear!
The gnoll closely misses you.
You barely miss the gnoll. The gnoll closely misses you.
You puncture the gnoll!
The gnoll is severely wounded.
The gnoll hits you with a +0 spear!
* * * LOW HITPOINT WARNING * * *
You puncture the gnoll!
You kill the gnoll!
Your Translocations skill increases to level 3!
You hit the gnoll.
The gnoll is lightly wounded.
The gnoll hits you with a +0 flail.
* * * LOW HITPOINT WARNING * * *
Okay, then.
Blink to where?
Press: ? - help, Dir - move target, p - gnoll
As you read the scroll of blinking, it crumbles to dust.
Throw: 6 darts (poison)
Press: ? - help, Q - select action, (/) - cycle Shift-Dir - straight line, f - gnoll
Aim: a gnoll, wielding a +0 flail (translocational energy, lightly wounded, 60% to hit)
You throw a poisoned dart.
The poisoned dart closely misses the gnoll.
Throw: 5 darts (poison)
Press: ? - help, Q - select action, (/) - cycle Shift-Dir - straight line, f/p - gnoll
Aim: a gnoll, wielding a +0 flail (lightly wounded, 60% to hit)
You throw a poisoned dart. The poisoned dart hits the gnoll.
The gnoll is lightly wounded.
Unknown command.
Throw: 4 darts (poison)
Press: ? - help, Q - select action, (/) - cycle Shift-Dir - straight line, f/p - gnoll
Aim: a gnoll, wielding a +0 flail (lightly wounded, 60% to hit)
You throw a poisoned dart. The poisoned dart hits the gnoll.
The gnoll is lightly wounded.
Unknown command.
The gnoll hits you with a +0 flail.
* * * LOW HITPOINT WARNING * * *
The gnoll attacks as it pursues you! The gnoll hits you with a +0 flail!
You die...

#.# ###
#)# #(#
#(#
.#####g##
.....$..#
......g.#
#######g#
#@# #.#
#.# #.#
... ...
... .....


You could see 3 gnolls.

Vanquished Creatures
  A gnoll (D:4)
  4 adders
  2 dart slugs
  A ribbon worm (D:4)
  An orc (D:3)
  2 endoplasms (D:1)
  3 giant cockroaches
  2 goblins
  4 hobgoblins
  8 jackals (D:1)
  9 kobolds
  3 quokkas
  9 ball pythons
  5 bats
  3 frilled lizards
  9 rats
66 creatures vanquished.

Notes
Turn   | Place    | Note
-------+----------+-------------------------------------------
     0 | D:1      | horus123 the Mountain Dwarf Warper began the quest for the
                  | Orb.
     0 | D:1      | Reached XP level 1. HP: 17/17 MP: 3/3
   182 | D:1      | Reached skill level 3 in Maces & Flails
   340 | D:1      | Reached XP level 2. HP: 24/24 MP: 4/4
   494 | D:1      | Found Tacu's Distillery.
   532 | D:1      | Learned a level 2 spell: Blink
   535 | D:1      | Learned a level 2 spell: Lesser Beckoning
   560 | D:1      | Reached skill level 4 in Maces & Flails
   676 | D:1      | Reached XP level 3. HP: 29/29 MP: 6/6
   679 | D:1      | You fall into a shaft and drop 1 floor!
  1298 | D:2      | Got the Precepts of Displacement
  1543 | D:3      | Reached XP level 4. HP: 11/36 MP: 8/8
  2534 | D:3      | Found a runed translucent door.
  2535 | D:3      | Noticed Crazy Yiuf
  2908 | D:4      | Mangled by a gnoll

Illustrated notes

Levels and vault maps discovered:
D:1:      minmay_arrival_plants_in_alcoves, layout_basic, serial_shops,
          nicolae_shop_tiny_waterfront
D:2:      layout_rooms
D:3:      layout_basic, nicolae_concentric_dashed_squares_wild,
          roderic_lattice_a, uniq_crazy_yiuf_cottage
D:4:      layout_loops_ring

Skill      XL: |  1  2  3  4 |
---------------+-------------+-----
Maces & Flails | 3 4 |  4.0
Spellcasting   | 2 3 |  3.0
Translocations | 3 |  3.0
Fighting       | |  2.1
Throwing       | |  0.7
Armour         | |  1.1
Dodging        | |  1.3

Action                     |  1- 3 |  4- 6 || total
---------------------------+-------+-------++-------
  Melee: Mace              |   161 |    35 ||   196
         Morningstar       |       |    48 ||    48
  Throw: Dart              |       |     5 ||     5
    Use: Scroll            |       |     1 ||     1
   Stab: Sleeping          |       |     1 ||     1
 Armour: Leather armour    |   146 |    74 ||   220
  Dodge: Dodged            |    93 |    53 ||   146

Table legend: (Time is in decaauts)
 A = Elapsed time spent in this place.
 B = Non-inter-level travel time spent in this place.
 C = Inter-level travel time spent in this place.
 D = Time resting spent in this place.
 E = Time spent auto-exploring this place.
 F = Levels seen in this place.
 G = Mean time per level.
                   A        B        C        D        E       F      G
               +--------+--------+--------+--------+--------+-----+--------+
         Total |   2961 |   2853 |    108 |    111 |   2149 |   4 |  740.2 |
       Dungeon |   2961 |   2853 |    108 |    111 |   2149 |   4 |  740.2 |
               +--------+--------+--------+--------+--------+-----+--------+

Top non-repeatable levels by time:
     D:3: 1311 daAuts
     D:1: 929 daAuts
     D:2: 579 daAuts
     D:4: 140 daAuts
